 Dungeon Crawl Stone Soup version 0.30-a0-335-ge5acde7520 (webtiles) character file.

Game seed: 5967422429872314135

718 Muataran the Trooper (level 7, -4/66 HPs)
             Began as a Minotaur Berserker on Oct 31, 2022.
             Was a Priest of Trog.
             Slain by Prince Ribbit (11 damage)
             ... on level 5 of the Dungeon.
             The game lasted 00:05:40 (3717 turns).

Muataran the Trooper (Minotaur Berserker)           Turns: 3717, Time: 00:05:41

Health: -4/66      AC:  9    Str: 22    XL:     7   Next: 42%
Magic:  6/6        EV:  9    Int:  6    God:    Trog [***...]
Gold:   222        SH:  0    Dex:  9    Spells: 6/6 levels left

rFire   . . .      SeeInvis .    y - +1 whip (elec)
rCold   . . .      Faith    .    (no shield)
rNeg    . . .      Spirit   .    b - +0 chain mail
rPois   .          Reflect  .    (helmet restricted)
rElec   .          Harm     .    (no cloak)
rCorr   .          Rampage  .    (no gloves)
Will    .....                    (no boots)
Stlth   ..........               (no amulet)
HPRegen 0.31/turn                (no ring)
MPRegen 0.10/turn                (no ring)

@: no status effects
A: horns 2, retaliatory headbutt
a: Renounce Religion, Berserk, Trog's Hand


You were on level 5 of the Dungeon.
You worshipped Trog.
Trog was most pleased with you.
You visited 1 branch of the dungeon, and saw 5 of its levels.

You collected 222 gold pieces.

Inventory:

Hand Weapons
 a - a +1 hand axe of venom
 y - a +1 whip of electrocution (weapon)
 A - a +0 broad axe
Armour
 b - a +0 chain mail (worn)
Jewellery
 j - a ring of poison resistance
 l - a ring of positive energy
Wands
 x - a wand of acid (12)
 z - a wand of polymorph (7)
Scrolls
 f - 2 scrolls of poison {unknown}
 g - a scroll of torment {unknown}
 k - a scroll of blinking {unknown}
 m - a scroll of amnesia {unknown}
 o - 5 scrolls of identify {unknown}
 p - 2 scrolls of enchant weapon {unknown}
 s - 2 scrolls of teleportation {unknown}
 t - a scroll of fear {unknown}
 v - a scroll of brand weapon {unknown}
 w - a scroll of butterflies {unknown}
Potions
 c - 4 potions of cancellation {unknown}
 d - 2 potions of attraction {unknown}
 e - a potion of might {unknown}
 h - a potion of degeneration {unknown}
 i - 3 potions of brilliance {unknown}
 n - a potion of lignification {unknown}
 q - a potion of curing {unknown}
 r - a potion of resistance {unknown}


   Skills:
 * Level 7.2 Fighting
 + Level 5.6 Axes
 + Level 5.0 Armour
 + Level 4.5 Dodging


You had 6 spell levels left.
You didn't know any spells.
Your spell library was empty.

Dungeon Overview and Level Annotations

Branches:
Dungeon (5/15)
 Temple: D:4-7

Altars:
Vehumet
Xom

Annotations:
D:5 Prince Ribbit


Innate Abilities, Weirdness & Mutations

You have a pair of horns on your head.
You reflexively headbutt those who attack you in melee.


Message History

You hit Edmund but do no damage.
Edmund is severely wounded.
Prince Ribbit lets out a mournful croak.
Prince Ribbit blinks!
Edmund hits you with a +4 vorpal dire flail!
You closely miss Edmund. You headbutt Edmund, but do no damage.
Edmund is severely wounded.
Edmund hits you with a +4 vorpal dire flail.
You barely miss Edmund. You headbutt Edmund.
Edmund is severely wounded.
Edmund hits you but does no damage.
You hit Edmund but do no damage.
Edmund is severely wounded.
Edmund hits you with a +4 vorpal dire flail!
You are too injured to fight recklessly!
You hit Edmund. Lightning courses through Edmund!
You kill Edmund!
Trog accepts your kill.
Your Fighting skill increases to level 7!
Your Armour skill increases to level 5!
You completely miss Prince Ribbit. Your headbutt misses Prince Ribbit.
Prince Ribbit is severely wounded.
Prince Ribbit barely misses you.
You miss Prince Ribbit. Your headbutt misses Prince Ribbit.
Prince Ribbit is severely wounded.
Prince Ribbit hits you!
* * * LOW HITPOINT WARNING * * *
You miss Prince Ribbit.
Prince Ribbit is severely wounded.
Prince Ribbit hits you but does no damage.
Prince Ribbit closely misses you.
You whack Prince Ribbit!
Prince Ribbit is almost dead.
Prince Ribbit catches a blue-tailed skink with his tongue.
Prince Ribbit hits you!
* * * LOW HITPOINT WARNING * * *
You hit Prince Ribbit.
Prince Ribbit is almost dead.
Prince Ribbit hits you!
You die...

.###.#.. ...
.......# ..# ...#.#
... . ....# #.#
..####..# #.#
.........####.#
..............#
......#..####.###..#
....>.#....F@.)....#
......#...†...#.####
......#.)####>#.#
......†..####.# #
##.##>##...##.# #
#.##.#.##.#
#.##.##.#.##.#
#............#
####.#.........


You could see Prince Ribbit.

Vanquished Creatures
  Edmund (D:5)
  A phantom (D:5)
  Blork the orc (D:5)
  A scorpion (D:4)
  2 hounds
  Jessica (D:3)
  2 iguanas (D:4)
  Ijyb (D:4)
  An orc wizard (D:4)
  7 gnolls
  8 adders
  3 worms
  6 orcs
  4 ball pythons
  2 bats (D:1)
  6 endoplasms
  4 goblins
  6 hobgoblins
  4 jackals (D:4)
  11 kobolds
  4 quokkas
  A frilled lizard (D:3)
  4 rats
81 creatures vanquished.

Vanquished Creatures (others)
  A plant (D:2)
1 creature vanquished.

Grand Total: 82 creatures vanquished

Notes
Turn   | Place    | Note
-------+----------+-------------------------------------------
     0 | D:1      | Muataran the Minotaur Berserker began the quest for the
                  | Orb.
     0 | D:1      | Reached XP level 1. HP: 19/19 MP: 0/0
   232 | D:1      | Reached XP level 2. HP: 25/27 MP: 1/1
   291 | D:1      | Reached skill level 4 in Fighting
  1112 | D:2      | Reached XP level 3. HP: 34/34 MP: 2/2
  1127 | D:2      | Reached ** piety under Trog
  1921 | D:3      | Reached XP level 4. HP: 24/41 MP: 3/3
  1929 | D:3      | Reached skill level 5 in Fighting
  2497 | D:3      | Found a faded altar of an unknown god.
  2649 | D:3      | Reached XP level 5. HP: 48/48 MP: 4/4
  2761 | D:3      | Noticed Jessica
  2766 | D:3      | Killed Jessica
  3017 | D:4      | Identified the +9 short sword of the Healing Fox {flame,
                  | Str+3}
  3119 | D:4      | Reached XP level 6. HP: 49/57 MP: 5/5
  3189 | D:4      | Identified the +0 leather armour of the Bells {*Slow rF++
                  | rC+}
  3266 | D:4      | Reached skill level 6 in Fighting
  3274 | D:4      | Noticed Ijyb
  3280 | D:4      | Killed Ijyb
  3313 | D:4      | Reached skill level 5 in Axes
  3543 | D:5      | Entered Level 5 of the Dungeon
  3548 | D:5      | Found a radiant altar of Vehumet.
  3556 | D:5      | Found a shimmering altar of Xom.
  3603 | D:5      | Noticed Blork the orc
  3627 | D:5      | Killed Blork the orc
  3628 | D:5      | Reached XP level 7. HP: 64/64 MP: 6/6
  3693 | D:5      | Reached *** piety under Trog
  3698 | D:5      | Noticed Prince Ribbit
  3703 | D:5      | Noticed Edmund
  3711 | D:5      | Killed Edmund
  3712 | D:5      | Reached skill level 7 in Fighting
  3712 | D:5      | Reached skill level 5 in Armour
  3717 | D:5      | Slain by Prince Ribbit

Illustrated notes

Levels and vault maps discovered:
D:1:      lightli_arrival_boilingwater, layout_loops_corners
D:2:      wad_lake_hut, layout_loops_ring, minivault_19
D:3:      layout_loops_ring, chequers_ecumenical_altar_twisty, uniq_jessica
D:4:      layout_basic, uniq_ijyb
D:5:      layout_loops_ring, chequers_temple_overflow_statue_of_worship,
          nicolae_kite_square_tiling_tiny, uniq_blork_the_orc, uniq_edmund,
          uniq_prince_ribbit1

Skill      XL: |  1  2  3  4  5  6  7 |
---------------+----------------------+-----
Fighting       | 4 5 6 7 |  7.2
Axes           | 4 5 |  5.6
Armour         | 3 4 5 |  5.0
Dodging        | 3 4 |  4.5

Action                   |  1- 3 |  4- 6 |  7- 9 || total
-------------------------+-------+-------+-------++-------
Melee: Hand axe          |    84 |    91 |       ||   175
       Headbutt          |     7 |    17 |     3 ||    27
       Whip              |       |    16 |    21 ||    37
Invok: Berserk           |     2 |     3 |       ||     5
 Stab: Sleeping          |     1 |       |       ||     1
Armor: Animal skin       |     4 |       |       ||     4
       Chain mail        |    14 |    46 |     4 ||    64
       Scale mail        |     1 |       |       ||     1
Dodge: Dodged            |    44 |    31 |    11 ||    86

Table legend: (Time is in decaauts)
 A = Elapsed time spent in this place.
 B = Non-inter-level travel time spent in this place.
 C = Inter-level travel time spent in this place.
 D = Time resting spent in this place.
 E = Time spent auto-exploring this place.
 F = Levels seen in this place.
 G = Mean time per level.
                   A        B        C        D        E       F      G
               +--------+--------+--------+--------+--------+-----+--------+
         Total |   3821 |   3616 |    205 |    394 |   2660 |   5 |  764.2 |
       Dungeon |   3821 |   3616 |    205 |    394 |   2660 |   5 |  764.2 |
               +--------+--------+--------+--------+--------+-----+--------+

Top non-repeatable levels by time:
     D:3: 1131 daAuts
     D:1: 1057 daAuts
     D:2: 883 daAuts
     D:4: 567 daAuts
     D:5: 181 daAuts
